 Dungeon Crawl Stone Soup version 0.26-a0-651-gb41185065b (webtiles) character file.

Game seed: 14414789979006413339

188270 Lanoc the Executioner (level 18, -2/127 (128) HPs)
             Began as a Hill Orc Gladiator on Oct 19, 2020.
             Was a Believer of Uskayaw.
             Slain by the Royal Jelly (23 damage)
             ... on level 5 of the Pits of Slime.
             The game lasted 00:49:56 (31770 turns).

Lanoc the Executioner (Hill Orc Gladiator)         Turns: 31770, Time: 00:49:57

HP:   -2/127 (128)  AC: 15    Str: 25      XL:     18   Next: 54%
MP:   31/31         EV: 15    Int:  7 (8)  God:    Uskayaw [**....]
Gold: 2012          SH:  5    Dex: 16      Spells: 17/17 levels left

rFire    . . .     SeeInvis .   a - +9 executioner's axe (elec)
rCold    . . .     Faith    .   (shield currently unavailable)
rNeg     . . .     Spirit   .   P - +3 plate armour
rPois    .         Reflect  +   k - +2 hat {MR+}
rElec    +         Harm     .   J - +0 cloak
rCorr    +         Rampage  .   M - +0 pair of gloves
MR       ++...     Rnd*Rage +   L - +0 pair of boots
Stlth    ..........             d - amulet of reflection
HPRegen  0.31/turn              i - +6 ring of strength
MPRegen  0.22/turn              n - ring of resist corrosion

@: mighty, corroded, hasted, very quick
A: hooves 2, iridescent scales 1, berserk 2, blurry vision 2, clumsy 1,
deterioration 2, frail 2, electricity resistance, MP-powered wands, sturdy frame
1
a: Stomp, Line Pass, Renounce Religion


You were on level 5 of the Pits of Slime.
You worshipped Uskayaw.
Uskayaw was most pleased with you.
You visited 5 branches of the dungeon, and saw 29 of its levels.
You also visited: Sewer and Volcano.

You collected 2389 gold pieces.
You spent 377 gold pieces at shops.

Inventory:

Hand Weapons
 a - a +9 executioner's axe of electrocution (weapon)
 b - a +2 broad axe of venom
Missiles
 p - 8 atropa-tipped darts
 B - 5 curare-tipped darts (quivered)
 F - 5 throwing nets
 I - 3 datura-tipped darts
Armour
 k - a +2 hat of magic resistance (worn)
 z - a +2 kite shield
 J - a +0 cloak (worn)
 L - a +0 pair of boots (worn)
 M - a +0 pair of gloves (worn)
 P - a +3 plate armour (worn)
Jewellery
 d - an amulet of reflection (around neck)
 i - a +6 ring of strength (left hand)
 n - a ring of resist corrosion (right hand)
 G - the ring "Edeveng" {+Inv +Fly Int+3}
   (You found it on level 10 of the Dungeon)

   [ring of flight]

   It affects your intelligence (+3).
   It lets you turn invisible.
   It lets you fly.
Wands
 q - a wand of polymorph (3)
 t - a wand of iceblast (30)
 C - a wand of digging (9)
 Q - a wand of random effects (31)
 U - a wand of disintegration (8)
 V - a wand of paralysis (4)
Scrolls
 e - 6 scrolls of identify
 j - 8 scrolls of teleportation
 l - 17 scrolls of remove curse
 w - 7 scrolls of blinking
 x - 3 scrolls of magic mapping
 y - 4 scrolls of immolation
 H - a scroll of silence
 O - 2 scrolls of amnesia
 R - a scroll of brand weapon
 S - 4 scrolls of enchant armour
 T - 2 scrolls of summoning
 W - 3 scrolls of holy word
Potions
 c - 11 potions of ambrosia
 f - a potion of brilliance
 g - 3 potions of flight
 h - 2 potions of mutation
 m - a potion of resistance
 o - 2 potions of heal wounds
 r - 6 potions of haste
 s - 4 potions of lignification
 u - a potion of might
 v - 4 potions of berserk rage
 A - 2 potions of stabbing
 D - 2 potions of curing
 E - 2 potions of magic
 K - a potion of cancellation
Miscellaneous
 N - a condenser vane (2/2)


   Skills:
 + Level 14.5 Fighting
 * Level 21.0 Axes
 - Level 1.7 Throwing
 + Level 13.4 Armour
 + Level 10.9 Dodging
 * Level 19.8 Invocations


You had 17 spell levels left.
You didn't know any spells.
Your spell library contained the following spells:

 Spells                   Type           Power        Failure   Level
 Corona                   Hex            #......      94%         1
 Foxfire                  Conj/Fire      #...         94%         1
 Ensorcelled Hibernation  Hex/Ice        #.....       98%         2
 Confusing Touch          Hex            #.......     100%        3
 Conjure Flame            Conj/Fire      #.......     100%        3
 Dazzling Flash           Conj/Hex       #.....       100%        3
 Inner Flame              Hex/Fire       #.......     100%        3
 Tukima's Dance           Hex            #.......     100%        3
 Cause Fear               Hex            #.........   100%        4
 Sticky Flame             Conj/Fire      #.......     100%        4
 Fireball                 Conj/Fire      #.........   100%        5
 Silence                  Hex/Air        #.........   100%        5
 Yara's Violent Unravell  Hex/Tmut       #.........   100%        5
 Discord                  Hex            #.........   100%        8


Dungeon Overview and Level Annotations

Branches:
Dungeon (15/15)            Temple (1/1) D:5            Lair (6/6) D:11
 Shoals (0/4) Lair:3        Snake (0/4) Lair:4        Slime (5/5) Lair:6
    Orc (2/2) D:10            Elf (0/3) Orc:2        Vaults (0/5) D:13
  Sewer (visited)         Volcano (visited)
 Depths: D:15

Altars:
Ashenzari
Cheibriados
Dithmenos
Elyvilon
Fedhas
Gozag
Hepliaklqana
Kikubaaqudgha
Makhleb
Nemelex Xobeh
Okawaru
Qazlal
Ru
Sif Muna
Trog
Uskayaw
Vehumet
Wu Jian
Xom
Yredelemnul
Zin
The Shining One
Beogh
Jiyva

Shops:
D:5 }   D:8 !   D:12 [   D:13 :   Orc:2 =*[

Annotations:
Slime:5 Royal Jelly


Innate Abilities, Weirdness & Mutations

You have hoof-like feet.
You are partially covered in iridescent scales. (AC +2)
You often lose your temper in combat.
Scrolls take you longer to read.
You are clumsy. (Dex -2)
Your body often deteriorates upon taking damage.
You are very frail. (-20% HP)
You are resistant to electric shocks. (rElec)
You expend magic power (3 MP) to strengthen your wands.
Your movements are slightly less encumbered by armour. (ER -2)


Message History

The Royal Jelly hits you!!
Your body deteriorates!
You feel dopey. The acid corrodes you!
You are splashed with acid.
You resist.
The Royal Jelly hits you but does no damage.
The azure jelly closely misses you. The azure jelly barely misses you.
The azure jelly closely misses you. The azure jelly completely misses you.
The acid blob misses you.
You slice the Royal Jelly!!
Your hands burn!
The Royal Jelly is moderately wounded.
You slice the acid blob!!
Your hands burn!
The Royal Jelly shudders vigorously.
The Royal Jelly spits out two more jellies.
You closely miss the azure jelly. The Royal Jelly hits you.
You are splashed with acid.
You resist. The Royal Jelly barely misses you. The acid blob hits you!!
* * * LOW HITPOINT WARNING * * *
You are splashed with acid.
You resist.
* * * LOW HITPOINT WARNING * * *
You can now pass through a line of other dancers.
The Royal Jelly hits you!!
You die...

..##..# ##..####
.....#.##...##.##
................##
.................#
.................###
...................#
...................#
...................##
...............J@...## ##
...............JJJ...##.#
...............J.J......#
........................#.##
...........................#
.........................###
....#................# .##
##..................
#..................


You could see the Royal Jelly, 3 acid blobs, an azure jelly and a death ooze.

Vanquished Creatures
  Rupert (Orc:2)
  16 acid blobs
  6 azure jellies
  2 orc warlords (Orc:2)
  Josephine (D:13)
  4 death oozes
  3 great orbs of eyes
  Harold (D:10)
  3 hydras
  3 two-headed ogres
  A centaur warrior (D:14)
  A dancing weapon (Volcano)
  2 tengu warriors (D:13)
  6 death yaks (Lair:6)
  3 orc high priests
  A skeletal warrior (D:13)
  Nergalle (Lair:3)
  An unseen horror (D:14)
  A deep elf archer (D:13)
  5 wizards (Volcano)
  5 orc knights
  3 orc sorcerers (Orc:2)
  2 deep elf magi (D:13)
  An oklob plant (Lair:5)
  2 ugly things
  A manticore (D:14)
  5 toenail golems (Volcano)
  2 black mambas
  12 shining eyes
  3 cyclopes
  10 elephants (Lair:6)
  2 centaur zombies
  8 eyes of devastation
  25 cane toads
  5 centaur skeletons
  8 komodo dragons
  4 kobold demonologists
  A rime drake (shapeshifter) (D:14)
  5 yaktaurs (D:13)
  14 trolls
  A queen bee (Lair:3)
  3 tyrant leeches (Lair:6)
  A hornet (D:14)
  79 slime creatures
  40 blink frogs
  Prince Ribbit (D:5)
  11 dream sheep (Lair:6)
  11 hippogriffs
  A shadow (D:13)
  A centaur simulacrum (D:14)
  7 wraiths
  29 yaks
  A vampire (D:10)
  2 wyverns
  Eustachio (D:4)
  7 golden eyes (Slime:3)
  8 vampire mosquitoes
  2 basilisks
  8 wargs
  Menkaure (D:5)
  A soldier ant (D:11)
  9 water moccasins
  17 porcupines
  15 ogres
  6 necrophages (Lair:5)
  5 ice beasts
  35 orc warriors
  6 black bears
  2 phantoms
  10 eyes of draining
  4 sky beasts
  13 wolves
  12 centaurs
  12 crocodiles
  7 big kobolds
  27 bullfrogs
  2 gnoll sergeants
  A wyvern skeleton (D:12)
  6 scorpions
  28 killer bees
  A wight (D:8)
  5 electric eels
  4 jellies
  A bullfrog skeleton (D:13)
  A bullfrog zombie (D:5)
  7 hounds
  A gnoll shaman (D:6)
  15 orc priests
  25 orc wizards
  3 iguanas
  2 merfolk sirens
  9 worker ants
  A merfolk avatar (Sewer)
  4 hound zombies
  A hound skeleton (D:4)
  A howler monkey zombie (D:5)
  2 worker ant zombies
  11 adders
  23 gnolls
  3 river rats
  A white imp (D:9)
  3 ufetubi
  An ooze (D:7)
  3 adder skeletons
  6 leopard geckos
  85 orcs
  8 ball pythons
  5 giant cockroaches
  5 goblins (D:3)
  2 hobgoblins (D:3)
  26 jackals
  6 quokkas
  7 bats (D:3)
  10 frilled lizards
  A jackal skeleton (D:6)
  11 kobolds
  2 leopard gecko zombies (D:7)
  A quokka skeleton (D:5)
  28 rats
  2 bushes (Lair:5)
946 creatures vanquished.

Vanquished Creatures (others)
  84 fungi
  118 plants
202 creatures vanquished.

Grand Total: 1148 creatures vanquished

Notes
Turn   | Place    | Note
-------+----------+-------------------------------------------
     0 | D:1      | Lanoc the Hill Orc Gladiator began the quest for the Orb.
     0 | D:1      | Reached XP level 1. HP: 18/18 MP: 1/1
   135 | D:3      | Reached XP level 2. HP: 17/25 MP: 2/2
   178 | D:3      | Reached skill level 1 in Armour
   178 | D:3      | Reached XP level 3. HP: 29/30 MP: 3/3
   294 | D:3      | Noticed a bullfrog
   303 | D:3      | Killed a bullfrog
   303 | D:3      | Reached skill level 5 in Axes
   303 | D:3      | Reached XP level 4. HP: 33/38 MP: 4/4
   425 | D:3      | Reached XP level 5. HP: 28/45 MP: 5/5
   532 | D:3      | Found a glowing drain.
   548 | Sewer    | Entered a sewer
   644 | Sewer    | Reached skill level 6 in Axes
   723 | Sewer    | Reached XP level 6. HP: 40/52 MP: 6/6
  1838 | D:4      | Noticed Eustachio
  1838 | D:4      | Noticed a phantom
  1876 | D:4      | Killed a phantom
  1876 | D:4      | Reached skill level 7 in Axes
  1876 | D:4      | Reached XP level 7. HP: 38/60 MP: 7/7
  2049 | D:4      | Killed Eustachio
  2409 | D:4      | Reached skill level 8 in Axes
  2416 | D:4      | Reached skill level 5 in Fighting
  2451 | D:4      | Reached XP level 8. HP: 31/68 MP: 8/8
  3076 | D:5      | Entered Level 5 of the Dungeon
  3279 | D:5      | Found a white marble altar of Elyvilon.
  3620 | D:5      | Found a staircase to the Ecumenical Temple.
  3625 | Temple   | Entered the Ecumenical Temple
  3796 | Temple   | Became a worshipper of Uskayaw the Reveler
  3861 | D:5      | Reached * piety under Uskayaw
  3902 | D:5      | Found a sacrificial altar of Ru.
  3926 | D:5      | Reached ** piety under Uskayaw
  4054 | D:5      | Noticed Menkaure
  4063 | D:5      | Killed Menkaure
  4063 | D:5      | Reached skill level 9 in Axes
  4063 | D:5      | Reached skill level 1 in Invocations
  4378 | D:5      | Found Deby's Gadget Shop.
  4378 | D:5      | Noticed Prince Ribbit
  4404 | D:5      | Reached *** piety under Uskayaw
  4405 | D:5      | Killed Prince Ribbit
  5084 | D:6      | Reached XP level 9. HP: 75/75 MP: 11/11
  5098 | D:6      | Reached skill level 5 in Armour
  5101 | D:6      | Reached **** piety under Uskayaw
  5222 | D:6      | Found a shimmering altar of Xom.
  5223 | D:6      | Found an ancient bone altar of Kikubaaqudgha.
  5689 | D:7      | Reached skill level 10 in Axes
  6037 | D:7      | Reached skill level 5 in Invocations
  6354 | D:7      | Noticed a two-headed ogre
  6522 | D:7      | Found a blossoming altar of Fedhas.
  6553 | D:7      | Reached skill level 5 in Dodging
  6677 | D:7      | Killed a two-headed ogre
  6677 | D:7      | Reached skill level 11 in Axes
  6677 | D:7      | Reached XP level 10. HP: 27/86 MP: 13/15
  7452 | D:8      | Reached ***** piety under Uskayaw
  7455 | D:8      | HP: 3/86 [something (6)]
  8322 | D:8      | Found a broken altar of Ashenzari.
  8492 | D:8      | Noticed a two-headed ogre
  8644 | D:8      | Found Jaxunul's Distillery.
  8652 | D:8      | Bought a potion of mutation for 104 gold pieces
  8652 | D:8      | Bought a potion of heal wounds for 65 gold pieces
  8652 | D:8      | Bought a potion of mutation for 104 gold pieces
  8652 | D:8      | Bought a potion of berserk rage for 65 gold pieces
  8652 | D:8      | Bought a potion of curing for 39 gold pieces
  8652 | D:8      | Gained mutation: Your movements are slightly less
                  | encumbered by armour. (ER -2) [potion of mutation]
  8652 | D:8      | Gained mutation: Your body sometimes deteriorates upon
                  | taking damage. [potion of mutation]
  8652 | D:8      | Gained mutation: You are robust. (+10% HP) [potion of
                  | mutation]
  9514 | D:9      | Reached skill level 12 in Axes
  9932 | D:9      | Noticed a seven-headed hydra
 10128 | D:9      | Reached XP level 11. HP: 96/103 MP: 17/17
 10397 | D:10     | Entered Level 10 of the Dungeon
 10555 | D:10     | Found an ornate altar of the Wu Jian Council.
 10597 | D:10     | Found a staircase to the Orcish Mines.
 10624 | D:10     | Reached ****** piety under Uskayaw
 11092 | D:10     | Noticed Harold
 11105 | D:10     | Killed Harold
 11105 | D:10     | Reached skill level 13 in Axes
 11105 | D:10     | Reached skill level 10 in Invocations
 11375 | D:10     | Got a crude amber ring
 11377 | D:10     | Identified the ring "Edeveng" {+Inv +Fly Int+3} (You found
                  | it on level 10 of the Dungeon)
 12213 | D:11     | Found a staircase to the Lair.
 12261 | D:11     | Noticed a sun demon
 12419 | D:11     | Found a glowing golden altar of the Shining One.
 12446 | D:11     | Noticed a cyclops
 12450 | D:11     | Noticed a red ugly thing
 12453 | D:11     | Killed a cyclops
 12466 | D:11     | Killed a red ugly thing
 12686 | D:11     | Noticed a two-headed ogre
 12696 | D:11     | Killed a two-headed ogre
 13070 | D:12     | Reached XP level 12. HP: 114/114 MP: 20/20
 13104 | D:12     | Found a sparkling altar of Nemelex Xobeh.
 13115 | D:12     | Reached skill level 14 in Axes
 13629 | D:12     | Noticed a sun demon
 13872 | D:12     | Noticed a sun demon
 14158 | D:12     | Found Hemymyot's Armour Emporium.
 14248 | D:12     | Noticed a five-headed hydra
 14359 | Orc:1    | Entered Level 1 of the Orcish Mines
 14359 | Orc:1    | Found a roughly hewn altar of Beogh.
 14654 | Orc:1    | Noticed an orc high priest
 14657 | Orc:1    | Noticed a sun demon
 14671 | Orc:1    | Killed an orc high priest
 15087 | Orc:2    | Entered Level 2 of the Orcish Mines
 15088 | Orc:2    | Found Iliog's General Store.
 15101 | Orc:2    | Reached skill level 10 in Fighting
 15128 | Orc:2    | Found a staircase to the Elven Halls.
 15237 | Orc:2    | Noticed an orc warlord
 15280 | Orc:2    | Noticed an orc warlord
 15281 | Orc:2    | Noticed Rupert
 15282 | Orc:2    | Killed an orc warlord
 15282 | Orc:2    | Reached skill level 15 in Axes
 15625 | Orc:2    | Found Mussusu's Antique Armour Shop.
 15881 | Orc:1    | Reached XP level 13. HP: 87/124 MP: 22/22
 16100 | Orc:2    | Found Ebusmom's Antique Weapon Shoppe.
 16597 | D:12     | Reached skill level 16 in Axes
 16597 | D:12     | Reached XP level 14. HP: 136/136 MP: 24/24
 16598 | D:12     | Reached skill level 10 in Armour
 16598 | D:12     | Reached XP level 15. HP: 143/143 MP: 24/26
 16758 | D:12     | Reached skill level 15 in Invocations
 17105 | D:13     | Found Toav's Book Emporium.
 17241 | D:13     | Noticed Josephine
 17251 | D:13     | Killed Josephine
 17495 | D:13     | Reached skill level 17 in Axes
 18020 | D:13     | Found a gate to the Vaults.
 19008 | D:15     | Entered Level 15 of the Dungeon
 19015 | D:15     | Paralysed by a hornet for 1 turns
 19760 | Orc:2    | Killed Rupert
 19937 | Orc:2    | Killed an orc warlord
 20119 | Orc:2    | Found Uberuymp's Jewellery Emporium.
 20453 | Lair:1   | Entered Level 1 of the Lair of Beasts
 20729 | Lair:1   | Reached XP level 16. HP: 152/152 MP: 28/28
 21454 | Lair:2   | Found a dark tunnel.
 21497 | Volcano  | Entered a volcano
 21506 | Volcano  | Reached skill level 18 in Axes
 21600 | Volcano  | Paralysed by a wizard for 6 turns
 22363 | Lair:2   | You fall into a shaft and drop 1 floor!
 22641 | Lair:2   | Identified a scroll of acquirement
 22643 | Lair:2   | Acquired a +6 executioner's axe of electrocution
 22958 | Lair:3   | Noticed Nergalle
 22963 | Lair:3   | Killed Nergalle
 23469 | Lair:3   | Found a staircase to the Shoals.
 23669 | Lair:4   | Got a scorched fustibalus
 23669 | Lair:4   | Identified the +5 fustibalus of Insufficient Pleasure
                  | {venom, rN+ Int+4 Dex+4} (You found it on level 4 of the
                  | Lair of Beasts)
 23701 | Lair:4   | Found a radiant altar of Vehumet.
 23869 | Lair:4   | You fall into a shaft and drop 2 floors!
 23869 | Lair:6   | Entered Level 6 of the Lair of Beasts
 24107 | Lair:6   | Reached skill level 19 in Axes
 24759 | Lair:6   | Got a pitted great mace
 24760 | Lair:6   | Identified the +10 great mace "Tongash" {elec, MR+} (You
                  | found it on level 6 of the Lair of Beasts)
 25108 | Lair:6   | Reached XP level 17. HP: 165/165 MP: 29/29
 25542 | Lair:6   | Found a runed translucent door.
 25542 | Lair:6   | Found a viscous altar of Jiyva.
 25542 | Lair:6   | Noticed an acid blob
 25543 | Lair:6   | Found a staircase to the Slime Pits.
 25543 | Lair:6   | Noticed an acid blob
 25543 | Lair:6   | Noticed an acid blob
 25680 | Lair:6   | Reached skill level 10 in Dodging
 26807 | Lair:4   | Found a staircase to the Snake Pit.
 27280 | Lair:6   | Killed an acid blob
 27282 | Lair:6   | Killed an acid blob
 27287 | Lair:6   | Killed an acid blob
 27417 | Slime:1  | Entered Level 1 of the Pits of Slime
 27430 | Slime:1  | Noticed an acid blob
 27642 | Slime:1  | Killed an acid blob
 27754 | Slime:2  | Noticed an acid blob
 27754 | Slime:2  | Noticed an acid blob
 27834 | Slime:1  | Noticed an acid blob
 27841 | Slime:1  | Killed an acid blob
 28174 | Slime:2  | Gained mutation: You tend to lose your temper in combat. [a
                  | shining eye]
 28178 | Slime:2  | Killed an acid blob
 28180 | Slime:2  | Killed an acid blob
 28382 | Slime:2  | Noticed an acid blob
 28678 | Slime:2  | Killed an acid blob
 28678 | Slime:2  | Reached skill level 20 in Axes
 29141 | Slime:3  | Gained mutation: Scrolls take you a little longer to read.
                  | [a shining eye]
 29150 | Slime:3  | Gained mutation: Scrolls take you longer to read. [a
                  | shining eye]
 29502 | Slime:4  | Lost mutation: You are robust. (+10% HP) [a shining eye]
 29558 | Slime:4  | Noticed an acid blob
 29910 | Slime:3  | Noticed an acid blob
 29915 | Slime:3  | Killed an acid blob
 29915 | Slime:3  | Reached XP level 18. HP: 149/159 MP: 22/31
 30525 | Slime:4  | Gained mutation: You are dopey. (Int -2) [a shining eye]
 30525 | Slime:4  | Gained mutation: You are clumsy. (Dex -2) [a shining eye]
 30526 | Slime:4  | Gained mutation: Scrolls take you much longer to read. [a
                  | shining eye]
 30690 | Slime:3  | Lost mutation: You tend to lose your temper in combat.
                  | [potion of mutation]
 30690 | Slime:3  | Lost mutation: Scrolls take you much longer to read.
                  | [potion of mutation]
 30690 | Slime:3  | Lost mutation: You are dopey. (Int -2) [potion of mutation]
 30690 | Slime:3  | Gained mutation: You expend magic power (3 MP) to
                  | strengthen your wands. [potion of mutation]
 30690 | Slime:3  | Gained mutation: You have large cloven feet. [potion of
                  | mutation]
 30692 | Slime:4  | Gained mutation: You are partially covered in iridescent
                  | scales. (AC +2) [a shining eye]
 30693 | Slime:4  | Gained mutation: You are weak. (Str -2) [a shining eye]
 30696 | Slime:3  | Gained mutation: You tend to lose your temper in combat. [a
                  | shining eye]
 30712 | Slime:4  | Gained mutation: Your body often deteriorates upon taking
                  | damage. [a shining eye]
 30714 | Slime:4  | Gained mutation: Your spells are a little easier to cast,
                  | but a little less powerful. [a shining eye]
 30716 | Slime:4  | Gained mutation: You are frail. (-10% HP) [a shining eye]
 30739 | Slime:3  | Lost mutation: You are weak. (Str -2) [potion of mutation]
 30739 | Slime:3  | Lost mutation: Your spells are a little easier to cast, but
                  | a little less powerful. [potion of mutation]
 30739 | Slime:3  | Gained mutation: You are resistant to electric shocks.
                  | (rElec) [potion of mutation]
 30739 | Slime:3  | Gained mutation: You have hoof-like feet. [potion of
                  | mutation]
 31609 | Slime:5  | Entered Level 5 of the Pits of Slime
 31621 | Slime:5  | Gained mutation: You often lose your temper in combat. [a
                  | shining eye]
 31631 | Slime:5  | Gained mutation: You are very frail. (-20% HP) [a shining
                  | eye]
 31643 | Slime:5  | Reached skill level 21 in Axes
 31755 | Slime:5  | Noticed the Royal Jelly
 31770 | Slime:5  | Slain by the Royal Jelly

Illustrated notes

Levels and vault maps discovered:
D:1:      dpeg_arrival_castle, layout_basic
D:2:      layout_basic, uniq_terence
D:3:      layout_basic, gup_sewer_entry_bowl, kennysheep_generic_room_10
D:4:      layout_layer_cave, uniq_eustachio
D:5:      layout_loops_corners, hangedman_ru_absence, marbit_many_paths,
          minmay_temple_entry_glassed_door, serial_shops, shop, uniq_menkaure,
          uniq_prince_ribbit1
D:6:      layout_cave_pools, gammafunk_temple_overflow_pools
D:7:      layout_cave_pods, lemuel_doored_altar
D:8:      layout_basic, ashenzari_altar_1, serial_shops, shop,
          kennysheep_generic_room_9
D:9:      layout_layer_cave
D:10:     layout_grid_maze, kennysheep_orc_monster_closet_entryway, basic_altar,
          uniq_harold
D:11:     layout_roguey, due_lair_maze_entry_diamond, minmay_misc_feat_hallway,
          minmay_misc_feat_secret_circle, hangedman_abyss_or_decor_stagger,
          tso_metal_star
D:12:     layout_loops_corners, serial_shops, nicolae_shop_behind_doors,
          basic_altar
D:13:     layout_gridville, hangedman_vaults_entry_quadrant_bands, serial_shops,
          nicolae_shop_stone, minmay_misc_feat_tower, uniq_josephine
D:14:     layout_rooms, corexii_leaking_fountain
D:15:     hangedman_depths_entry_civil_slaughter, layout_rooms,
          serial_bayou_pond_e, uniq_azrael
Temple:   eino_temple_rhombus
Lair:1:   layout_regular_city, grunt_megastairs_4
Lair:2:   layout_hall_layers, nicolae_volcano_entry_hallway,
          serial_bayou_pond_a, grunt_megastairs_2
Lair:3:   layout_roguey [special_room_bee], minmay_shoals_entry_lonely_mermaid,
          serial_bayou_shore_a, uniq_nergalle
Lair:4:   layout_misc_corridors, dummy_snake_entry, basic_altar,
          lemuel_fruit_tree
Lair:5:   layout_gridlike, minmay_lair_oklob_bushes, roderic_carrion_pond,
          infiniplex_staircase_pool
Lair:6:   minmay_lair_end_frog_pond, layout_regular_city, slime_altar_2
Slime:1:  layout_caves
Slime:2:  layout_caves
Slime:3:  layout_caves
Slime:4:  layout_caves
Slime:5
Orc:1:    cheibrodos_orc_guarddog, layout_caves, basic_altar
Orc:2:    grunt_orc_gardens, layout_diamond_mine, grunt_orc_garden,
          grunt_orc_garden, grunt_orc_garden, grunt_orc_garden, uniq_rupert

Skill      XL: |  1  2  3  4  5  6  7  8  9 10 11 12 13 14 15 16 17 18 |
---------------+-------------------------------------------------------+-----
Armour         | 1 2 3 4 6 7 8 9 10 11 12 13 | 13.4
Fighting       | 3 4 5 6 7 8 9 10 11 12 13 14 | 14.5
Axes           | 5 6 7 8 9 11 12 13 15 16 17 19 20 21 | 21.0
Dodging        | 3 4 5 6 7 8 9 10 | 10.9
Invocations    | 3 6 9 11 13 14 16 17 19 | 19.8
Throwing       | |  1.7

Action                   |  1- 3 |  4- 6 |  7- 9 | 10-12 | 13-15 | 16-18 || total
-------------------------+-------+-------+-------+-------+-------+-------++-------
Melee: War axe           |    61 |   190 |   345 |   760 |   185 |       ||  1541
       Battleaxe         |       |       |       |       |   221 |   123 ||   344
       Executioner's axe |       |       |       |       |       |   645 ||   645
Throw: Throwing net      |     3 |       |     2 |       |       |       ||     5
       Dart              |       |       |     4 |     2 |     3 |     3 ||    12
Invok: Grand Finale      |       |       |       |     3 |     1 |     2 ||     6
Evoke: Wand              |       |       |     1 |     8 |       |       ||     9
       Condenser vane    |       |       |       |     2 |       |       ||     2
  Use: Scroll            |     2 |     3 |     2 |     6 |    11 |    11 ||    35
       Potion            |     2 |     2 |     2 |     4 |     4 |     7 ||    21
 Stab: Sleeping          |       |     1 |       |       |       |       ||     1
       Paralysed         |       |       |     8 |   106 |    52 |   120 ||   286
       Invisible         |       |       |     1 |       |       |       ||     1
Armor: Leather armour    |    13 |    21 |       |       |       |       ||    34
       Skin              |    12 |       |       |       |       |       ||    12
       Chain mail        |       |    32 |   187 |       |       |       ||   219
       Scale mail        |       |       |       |   281 |   113 |     1 ||   395
       Plate armour      |       |       |       |       |       |   348 ||   348
Dodge: Dodged            |    50 |   118 |   194 |   337 |   189 |   406 ||  1294
Block: Other             |    14 |    44 |    95 |    69 |    55 |   146 ||   423
       Reflection        |       |     1 |       |    14 |    16 |       ||    31
       Kite shield       |       |       |       |   321 |   125 |       ||   446

Table legend: (Time is in decaauts)
 A = Elapsed time spent in this place.
 B = Non-inter-level travel time spent in this place.
 C = Inter-level travel time spent in this place.
 D = Time resting spent in this place.
 E = Time spent auto-exploring this place.
 F = Levels seen in this place.
 G = Mean time per level.
                   A        B        C        D        E       F      G
               +--------+--------+--------+--------+--------+-----+--------+
         Total |  31875 |  31074 |    801 |   4465 |  20721 |  31 | 1028.2 |
       Dungeon |  16885 |  16336 |    549 |   1230 |  12070 |  15 | 1125.7 |
        Temple |    177 |    172 |      5 |      0 |    150 |   1 |  177.0 |
          Lair |   6905 |   6765 |    140 |    322 |   5341 |   6 | 1150.8 |
    Slime Pits |   4190 |   4176 |     14 |   2237 |   1276 |   5 |  838.0 |
  Orcish Mines |   2707 |   2614 |     93 |    568 |   1543 |   2 | 1353.5 |
         Sewer |    697 |    697 |      0 |     20 |    306 |   1 |  697.0 |
       Volcano |    312 |    312 |      0 |     88 |     33 |   1 |  312.0 |
               +--------+--------+--------+--------+--------+-----+--------+

Top non-repeatable levels by time:
  Lair:6: 2517 daAuts
    D:10: 1840 daAuts
     D:7: 1786 daAuts
     D:5: 1685 daAuts
 Slime:3: 1644 daAuts
     D:8: 1548 daAuts
   Orc:1: 1522 daAuts
    D:12: 1516 daAuts
    D:14: 1368 daAuts
     D:9: 1361 daAuts
    D:11: 1361 daAuts
     D:4: 1267 daAuts
 Slime:1: 1254 daAuts
   Orc:2: 1185 daAuts
    D:13: 1161 daAuts
